APL (24 & UNDER)
MONTGOMERY GREY SOX @ NASHUA REDLEGS
06/15/2026
 
TOP OF THE 1ST
Montgomery Grey Sox batting - Pitching for Nashua Redlegs : RHP Michael Díaz
Pitching: RHP Michael Díaz
Batting: RHB José Montoya 0-0: Ball
1-0: Ball
2-0: Called Strike
2-1: Foul Ball, location: 2F
2-2: Strikes out swinging
Batting: RHB Rusty Downy 0-0: Foul Ball, location: 2F
0-1: Called Strike
0-2: Ball
1-2: Ball
2-2: Foul Ball, location: 2F
2-2: Ball
3-2: Strikes out swinging
Batting: RHB Félix Cruz 0-0: Ground out 5-3 (Groundball, 15S)
Top of the 1st over - 0 run(s), 0 hit(s), 0 error(s), 0 left on base; Montgomery 0 - Nashua 0
BOTTOM OF THE 1ST
Nashua Redlegs batting - Pitching for Montgomery Grey Sox : RHP Michael Young
Pitching: RHP Michael Young
Batting: RHB Manuel Alonso 0-0: Called Strike
0-1: Fly out, F9 (Flyball, 9S)
Batting: LHB Mike Harris 0-0: Ball
1-0: Ball
2-0: Ground out 5-3 (Groundball, 56)
Batting: RHB Héctor Vázquez 0-0: Ball
1-0: Called Strike
1-1: Ball
2-1: Foul Ball, location: 2F
2-2: Ball
3-2: Fly out, F7 (Flyball, 7LMF)
Bottom of the 1st over - 0 run(s), 0 hit(s), 0 error(s), 0 left on base; Montgomery 0 - Nashua 0
TOP OF THE 2ND
Montgomery Grey Sox batting - Pitching for Nashua Redlegs : RHP Michael Díaz
Batting: LHB Al Gaines 0-0: DOUBLE (Line Drive, 89S)
Batting: RHB Bob Johnson 0-0: Called Strike
0-1: Ball
1-1: Ball
2-1: Swinging Strike
2-2: Foul Ball, location: 2F
2-2: Strikes out swinging
Batting: SHB Hoyt Norris 0-0: Ball
1-0: Foul Ball, location: 2F
1-1: Foul Ball, location: 2F
1-2: 2-RUN HOME RUN (Flyball, 9D), Distance : 370 ft
Batting: SHB Joe Pierce 0-0: Ball
1-0: Ball
2-0: Foul Ball, location: 2F
2-1: Foul Ball, location: 2F
2-2: Strikes out looking
Batting: RHB José Carlos Caraballo 0-0: Called Strike
0-1: Swinging Strike
0-2: Strikes out swinging
Top of the 2nd over - 2 run(s), 2 hit(s), 0 error(s), 0 left on base; Montgomery 2 - Nashua 0
BOTTOM OF THE 2ND
Nashua Redlegs batting - Pitching for Montgomery Grey Sox : RHP Michael Young
Batting: LHB Frank Young 0-0: Called Strike
0-1: Ball
1-1: Foul Ball, location: 2F
1-2: Ground out 6-3 (Groundball, 6)
Batting: RHB Eleuterio Supardo 0-0: Swinging Strike
0-1: Hit by Pitch
Batting: LHB Dave Lee 0-0: Ball
1-0: Foul Ball, location: 2F
1-1: SINGLE (Groundball, 56S)
Eleuterio Supardo to second
Batting: LHB Bill McCraney 0-0: Ball
1-0: Ball
2-0: Ground out 4-3 (Groundball, 4M)
Eleuterio Supardo to third
Dave Lee to second
Batting: RHB David Strickland 0-0: Ball
1-0: Called Strike
1-1: Called Strike
1-2: Hit by Pitch
Pinch Runner at 1st José Zumaya:
Batting: RHB Gabriel Erwin 0-0: Foul Ball, location: 2F
0-1: Ball
1-1: Ball
2-1: SINGLE (Line Drive, 7LS)
Eleuterio Supardo scores
Dave Lee to third
José Zumaya to second
Runner from 3rd tries for Home, SAFE, throw made home
José Zumaya to third
Gabriel Erwin to second
Batting: RHB Manuel Alonso 0-0: Called Strike
0-1: Called Strike
0-2: Ball
1-2: Ball
2-2: Ball
3-2: Foul Ball, location: 2F
3-2: Foul Ball, location: 2F
3-2: Foul Ball, location: 2F
3-2: Ground out 6-3 (Groundball, 6)
Bottom of the 2nd over - 2 run(s), 2 hit(s), 0 error(s), 2 left on base; Montgomery 2 - Nashua 2
TOP OF THE 3RD
Montgomery Grey Sox batting - Pitching for Nashua Redlegs : RHP Michael Díaz
Now at SS: José Zumaya
Batting: RHB Sergio Gonzáles 0-0: Ball
1-0: Fly out, F2 (Popup, 2RF)
Batting: RHB José Montoya 0-0: Foul Ball, location: 2F
0-1: Foul Ball, location: 2F
0-2: Foul Ball, location: 2F
0-2: Ball
1-2: Foul Ball, location: 2F
1-2: Strikes out looking
Batting: RHB Rusty Downy 0-0: Called Strike
0-1: Called Strike
0-2: Ball
1-2: Fly out, F9 (Flyball, 89M)
Top of the 3rd over - 0 run(s), 0 hit(s), 0 error(s), 0 left on base; Montgomery 2 - Nashua 2
BOTTOM OF THE 3RD
Nashua Redlegs batting - Pitching for Montgomery Grey Sox : RHP Michael Young
Batting: LHB Mike Harris 0-0: Ball
1-0: Ground out 6-3 (Groundball, 6)
Batting: RHB Héctor Vázquez 0-0: Foul Ball, location: 2F
0-1: Ball
1-1: SINGLE (Groundball, 6M)
Batting: LHB Frank Young 0-0: Ball
1-0: Ball
2-0: Ball
3-0: Called Strike
3-1: Fly out, F8 (Flyball, 78M)
Batting: RHB Eleuterio Supardo 0-0: Fly out, F8 (Line Drive, 8RS)
Bottom of the 3rd over - 0 run(s), 1 hit(s), 0 error(s), 1 left on base; Montgomery 2 - Nashua 2
TOP OF THE 4TH
Montgomery Grey Sox batting - Pitching for Nashua Redlegs : RHP Michael Díaz
Batting: RHB Félix Cruz 0-0: Called Strike
0-1: Foul Ball, location: 2F
0-2: Foul Ball, location: 2F
0-2: Foul Ball, location: 2F
0-2: SINGLE (Groundball, 3L)
Batting: LHB Al Gaines 0-0: Grounds into double play, U4-3 (Groundball, 4)
Batting: RHB Bob Johnson 0-0: Ball
1-0: SINGLE (Groundball, 56)
Batting: SHB Hoyt Norris 0-0: Ball
1-0: Ball
2-0: Foul Ball, location: 2F
2-1: Ball
3-1: DOUBLE (Flyball, 78XD)
Bob Johnson to third
Batting: SHB Joe Pierce 0-0: Swinging Strike
0-1: Ball
1-1: Foul Ball, location: 2F
1-2: Fly out, F9 (Flyball, 89M)
Top of the 4th over - 0 run(s), 3 hit(s), 0 error(s), 2 left on base; Montgomery 2 - Nashua 2
BOTTOM OF THE 4TH
Nashua Redlegs batting - Pitching for Montgomery Grey Sox : RHP Michael Young
Batting: LHB Dave Lee 0-0: Foul Ball, location: 2F
0-1: Called Strike
0-2: Ball
1-2: Fly out, F6 (Popup, 7LSF)
Batting: LHB Bill McCraney 0-0: Ball
1-0: Called Strike
1-1: Ball
2-1: DOUBLE (Flyball, 9M)
Batting: RHB José Zumaya 0-0: Ball
1-0: Swinging Strike
1-1: Fly out, F7 (Popup, 78S)
Batting: RHB Gabriel Erwin 0-0: Called Strike
0-1: Foul Ball, location: 2F
0-2: Foul Ball, location: 2F
0-2: Ball
1-2: Fly out, F9 (Flyball, 89D)
Bottom of the 4th over - 0 run(s), 1 hit(s), 0 error(s), 1 left on base; Montgomery 2 - Nashua 2
TOP OF THE 5TH
Montgomery Grey Sox batting - Pitching for Nashua Redlegs : RHP Michael Díaz
Batting: RHB José Carlos Caraballo 0-0: Ball
1-0: Swinging Strike
1-1: Foul Ball, location: 2F
1-2: Foul Ball, location: 2F
1-2: Ball
2-2: Ball
3-2: DOUBLE (Line Drive, 3L)
Batting: RHB Sergio Gonzáles 0-0: Ball
1-0: Swinging Strike
1-1: Ground out U3 (Groundball, 3L)
José Carlos Caraballo to third
Batting: RHB José Montoya 0-0: Swinging Strike
0-1: Ball
1-1: Ball
2-1: Swinging Strike
2-2: Strikes out swinging
Batting: RHB Rusty Downy 0-0: Swinging Strike
0-1: Ball
1-1: Foul Ball, location: 2F
1-2: Strikes out looking
Top of the 5th over - 0 run(s), 1 hit(s), 0 error(s), 1 left on base; Montgomery 2 - Nashua 2
BOTTOM OF THE 5TH
Nashua Redlegs batting - Pitching for Montgomery Grey Sox : RHP Michael Young
Batting: RHB Manuel Alonso 0-0: Ball
1-0: Ground out 6-3 (Groundball, 6)
Batting: LHB Mike Harris 0-0: Called Strike
0-1: Ball
1-1: Called Strike
1-2: Strikes out swinging
Batting: RHB Héctor Vázquez 0-0: Foul Ball, location: 2F
0-1: Ball
1-1: Ball
2-1: Ball
3-1: Base on Balls
Batting: LHB Frank Young 0-0: Fly out, F7 (Flyball, 78M)
Bottom of the 5th over - 0 run(s), 0 hit(s), 0 error(s), 1 left on base; Montgomery 2 - Nashua 2
TOP OF THE 6TH
Montgomery Grey Sox batting - Pitching for Nashua Redlegs : RHP Michael Díaz
Batting: RHB Félix Cruz 0-0: Ball
1-0: Called Strike
1-1: Ball
2-1: Called Strike
2-2: Fly out, F8 (Flyball, 8RM)
Pitching: RHP Carlos Rodríguez
Batting: LHB Al Gaines 0-0: Called Strike
0-1: Swinging Strike
0-2: Ball
1-2: Fly out, F9 (Line Drive, 9LM)
Batting: RHB Bob Johnson 0-0: Fly out, F9 (Flyball, 89D)
Top of the 6th over - 0 run(s), 0 hit(s), 0 error(s), 0 left on base; Montgomery 2 - Nashua 2
BOTTOM OF THE 6TH
Nashua Redlegs batting - Pitching for Montgomery Grey Sox : RHP Michael Young
Pitching: RHP Matt Kinnieson
Batting: RHB Eleuterio Supardo 0-0: Foul Ball, location: 2F
0-1: Hit by Pitch
Batting: LHB Dave Lee 0-0: Ball
1-0: Called Strike
1-1: Ball
2-1: Foul Ball, location: 2F
2-2: Ball
3-2: Base on Balls
Eleuterio Supardo to second
Batting: LHB Bill McCraney 0-0: Ball
1-0: Ball
2-0: Fly out, F5 (Popup, 5F)
Batting: RHB José Zumaya 0-0: Ball
1-0: Foul Ball, location: 2F
1-1: SINGLE (Line Drive, 6M)
Eleuterio Supardo to third
Dave Lee to second
Batting: RHB Gabriel Erwin 0-0: Fly out, F5 (Popup, 5S)
Batting: RHB Manuel Alonso 0-0: Called Strike
0-1: Ground out 6-3 (Groundball, 6)
Bottom of the 6th over - 0 run(s), 1 hit(s), 0 error(s), 3 left on base; Montgomery 2 - Nashua 2
TOP OF THE 7TH
Montgomery Grey Sox batting - Pitching for Nashua Redlegs : RHP Carlos Rodríguez
Pinch Hitting: LHB Bob Jones 0-0: Ball
1-0: Called Strike
1-1: Called Strike
1-2: Strikes out swinging
Batting: SHB Joe Pierce 0-0: Ball
1-0: Ball
2-0: Ball
3-0: Base on Balls
Pinch Hitting: SHB Marvin López 0-0: Ball
1-0: Foul Ball, location: 2F
1-1: Called Strike
1-2: Foul Ball, location: 2F
1-2: Ball
2-2: Ball
Joe Pierce steals 2nd base
3-2: Intentional Walk
Pinch Hitting: LHB Alberto Santos 0-0: Ball
1-0: Foul Ball, location: 2F
1-1: Called Strike
1-2: SINGLE (Line Drive, 6MD)
Joe Pierce to third
Marvin López to second
Batting: RHB José Montoya 0-0: Swinging Strike
0-1: Ball
1-1: Ball
2-1: SINGLE (Line Drive, 6M)
Joe Pierce scores
Marvin López to third
Alberto Santos to second
Batting: RHB Rusty Downy 0-0: Ball
1-0: Ball
2-0: Ball
3-0: Base on Balls
Marvin López scores
Alberto Santos to third
José Montoya to second
Batting: RHB Félix Cruz 0-0: Foul Ball, location: 2F
0-1: Grounds into double play, 5-4-3 (Groundball, 5)
Top of the 7th over - 2 run(s), 2 hit(s), 0 error(s), 2 left on base; Montgomery 4 - Nashua 2
BOTTOM OF THE 7TH
Nashua Redlegs batting - Pitching for Montgomery Grey Sox : RHP Matt Kinnieson
Now at SS: António Nevárez
Now in LF: Alberto Santos
Now in CF: Jerry Johnston
Batting: LHB Mike Harris 0-0: Ball
1-0: Swinging Strike
1-1: Called Strike
1-2: Ball
2-2: Ball
3-2: Foul Ball, location: 2F
3-2: Strikes out swinging
Batting: RHB Héctor Vázquez 0-0: Ball
1-0: Called Strike
1-1: Foul Ball, location: 2F
1-2: Strikes out looking
Batting: LHB Frank Young 0-0: Ball
1-0: Ball
2-0: Ball
3-0: Called Strike
3-1: Base on Balls
Batting: RHB Eleuterio Supardo 0-0: Called Strike
0-1: Ball
1-1: Called Strike
Frank Young steals 2nd base
1-2: SINGLE (Groundball, 34D)
Frank Young to third
Runner from 3rd tries for Home, SAFE, no throw or cutoff
Pitching: LHP Lee González
Batting: LHB Dave Lee 0-0: Ball
1-0: Called Strike
1-1: Foul Ball, location: 2F
1-2: Ball
2-2: Ground out 6-3 (Groundball, 6)
Bottom of the 7th over - 1 run(s), 1 hit(s), 0 error(s), 1 left on base; Montgomery 4 - Nashua 3
TOP OF THE 8TH
Montgomery Grey Sox batting - Pitching for Nashua Redlegs : RHP Carlos Rodríguez
Batting: LHB Al Gaines 0-0: Called Strike
0-1: Foul Ball, location: 2F
0-2: Foul Ball, location: 2F
0-2: Ball
1-2: Foul Ball, location: 2F
1-2: Ball
2-2: Ball
3-2: Foul Ball, location: 2F
3-2: Base on Balls
Batting: RHB Bob Johnson 0-0: Ball
1-0: Ball
2-0: Foul Ball, location: 2F
2-1: Swinging Strike
2-2: Fly out, F6 (Line Drive, 6)
Pitching: RHP Samuel Farrell
Batting: RHB António Nevárez 0-0: Ball
1-0: Swinging Strike
1-1: Swinging Strike
1-2: Strikes out swinging
Batting: SHB Joe Pierce 0-0: Ball
1-0: Called Strike
1-1: Foul Ball, location: 2F
1-2: Strikes out looking
Top of the 8th over - 0 run(s), 0 hit(s), 0 error(s), 1 left on base; Montgomery 4 - Nashua 3
BOTTOM OF THE 8TH
Nashua Redlegs batting - Pitching for Montgomery Grey Sox : LHP Lee González
Pitching: LHP José Mercado
Batting: LHB Bill McCraney 0-0: Called Strike
0-1: Called Strike
0-2: SINGLE (Flyball, 8RM)
Batting: RHB José Zumaya 0-0: Called Strike
0-1: Bunted foul
0-2: Foul Ball, location: 2F
0-2: Ball
1-2: Strikes out swinging
Batting: RHB Gabriel Erwin 0-0: Foul Ball, location: 2F
0-1: Ball
1-1: Ball
2-1: Swinging Strike
2-2: Ball
3-2: Fielders Choice at 2nd, 1-4 (Groundball, 13S)
Batting: RHB Manuel Alonso 0-0: Called Strike
Pickoff Throw to First - Error! E1
Gabriel Erwin to second
0-1: Called Strike
0-2: Ball
1-2: Foul Ball, location: 2F
1-2: Strikes out swinging
Bottom of the 8th over - 0 run(s), 1 hit(s), 1 error(s), 1 left on base; Montgomery 4 - Nashua 3
TOP OF THE 9TH
Montgomery Grey Sox batting - Pitching for Nashua Redlegs : RHP Samuel Farrell
Pitching: LHP Raúl Fernández
Batting: RHB Jerry Johnston 0-0: Foul Ball, location: 2F
0-1: Swinging Strike
0-2: Ball
1-2: Fly out, F5 (Line Drive, 56)
Batting: LHB Alberto Santos 0-0: Fly out, F5 (Popup, 5F)
Batting: RHB José Montoya 0-0: SINGLE (Groundball, 6MD)
Batting: RHB Rusty Downy 0-0: Swinging Strike
0-1: Called Strike
José Montoya steals 2nd base
0-2: Ball
1-2: Ball
2-2: Ball
3-2: Base on Balls
Batting: RHB Félix Cruz 0-0: Ball
1-0: Fly out, F7 (Flyball, 7M)
Top of the 9th over - 0 run(s), 1 hit(s), 0 error(s), 2 left on base; Montgomery 4 - Nashua 3
BOTTOM OF THE 9TH
Nashua Redlegs batting - Pitching for Montgomery Grey Sox : LHP José Mercado
Pitching: RHP Clancy Steele
Pinch Hitting: LHB Richard Olvera 0-0: Foul Ball, location: 2F
0-1: Ball
1-1: Called Strike
1-2: Strikes out swinging, 2-3 out at first.
Batting: RHB Héctor Vázquez 0-0: DOUBLE (Line Drive, 5D)
Batting: LHB Frank Young 0-0: Called Strike
0-1: Fly out, F7 (Popup, 56D)
Batting: RHB Eleuterio Supardo 0-0: Ball
1-0: SINGLE (Groundball, 4S)
Héctor Vázquez to third
Runner from 3rd tries for Home, SAFE, no throw or cutoff
Batting: LHB Dave Lee 0-0: Called Strike
0-1: Ball
1-1: Fielders Choice at 2nd, U4 (Groundball, 4M)
Bottom of the 9th over - 1 run(s), 2 hit(s), 0 error(s), 1 left on base; Montgomery 4 - Nashua 4
TOP OF THE 10TH
Montgomery Grey Sox batting - Pitching for Nashua Redlegs : LHP Raúl Fernández
Now in LF: Richard Olvera
Batting: LHB Al Gaines 0-0: Swinging Strike
0-1: Foul Ball, location: 2F
0-2: Ball
1-2: Strikes out swinging, 2-3 out at first.
Batting: RHB Bob Johnson 0-0: Ball
1-0: Ball
2-0: Ground out 5-3 (Groundball, 5)
Batting: RHB António Nevárez 0-0: Ball
1-0: Called Strike
1-1: Swinging Strike
1-2: Foul Ball, location: 2F
1-2: Ball
2-2: Strikes out swinging, 2-3 out at first.
Top of the 10th over - 0 run(s), 0 hit(s), 0 error(s), 0 left on base; Montgomery 4 - Nashua 4
BOTTOM OF THE 10TH
Nashua Redlegs batting - Pitching for Montgomery Grey Sox : RHP Clancy Steele
Batting: LHB Bill McCraney 0-0: Ball
1-0: Ground out U3 (Groundball, 3L)
Pinch Hitting: LHB Bernardo Rodríguez 0-0: Called Strike
0-1: Fly out, F7 (Popup, 78S)
Batting: RHB Gabriel Erwin 0-0: Called Strike
0-1: Ball
1-1: Ball
2-1: Swinging Strike
2-2: Foul Ball, location: 2F
2-2: Foul Ball, location: 2F
2-2: Fly out, F8 (Flyball, 8LM)
Bottom of the 10th over - 0 run(s), 0 hit(s), 0 error(s), 0 left on base; Montgomery 4 - Nashua 4
TOP OF THE 11TH
Montgomery Grey Sox batting - Pitching for Nashua Redlegs : LHP Raúl Fernández
Pitching: LHP Jorge Melgaza
Now at SS: Bernardo Rodríguez
Batting: SHB Joe Pierce 0-0: Called Strike
0-1: Swinging Strike
0-2: Ball
1-2: Foul Ball, location: 2F
1-2: Ball
2-2: Ball
3-2: Strikes out swinging
Pinch Hitting: RHB Bryant von Bohlen 0-0: Ball
1-0: Ball
2-0: Ball
3-0: Base on Balls
Pinch Runner at 1st Martín Palaeios:
Pinch Hitting: RHB Dave Roberts 0-0: Called Strike
Martín Palaeios steals 2nd base
0-1: Ball
1-1: Hit by Pitch
Batting: RHB José Montoya 0-0: Ball
Martín Palaeios steals 3rd base
Dave Roberts to second
1-0: Ball
Passed Ball!
Martín Palaeios scores
Dave Roberts to third
2-0: Foul Ball, location: 2F
2-1: Foul Ball, location: 2F
2-2: Strikes out swinging
Batting: RHB Rusty Downy 0-0: Ball
1-0: Ball
2-0: Ball
3-0: Base on Balls
Batting: RHB Félix Cruz 0-0: Ball
1-0: Ball
2-0: Foul Ball, location: 2F
2-1: Ball
3-1: Foul Ball, location: 2F
3-2: Base on Balls
Rusty Downy to second
Batting: LHB Al Gaines 0-0: Foul Ball, location: 2F
0-1: Ball
1-1: Swinging Strike
1-2: Foul Ball, location: 2F
1-2: Foul Ball, location: 2F
1-2: Ball
2-2: SINGLE (Line Drive, 8LS)
Dave Roberts scores
Rusty Downy to third
Félix Cruz to second
Batting: RHB Bob Johnson 0-0: Swinging Strike
0-1: Fly out, F7 (Line Drive, 78M)
Top of the 11th over - 2 run(s), 1 hit(s), 0 error(s), 3 left on base; Montgomery 6 - Nashua 4
BOTTOM OF THE 11TH
Nashua Redlegs batting - Pitching for Montgomery Grey Sox : RHP Clancy Steele
Pitching: RHP Steven Browne
Now in LF: Martín Palaeios
Now in CF: Dave Roberts
Batting: RHB Manuel Alonso 0-0: Fly out, F5 (Line Drive, 56)
Batting: LHB Richard Olvera 0-0: Ball
1-0: Ball
2-0: Ball
3-0: Called Strike
3-1: Foul Ball, location: 2F
3-2: Strikes out swinging
Batting: RHB Héctor Vázquez 0-0: Ball
1-0: Ball
2-0: DOUBLE (Popup, 8RS)
Batting: LHB Frank Young 0-0: Ball
1-0: Foul Ball, location: 2F
1-1: Foul Ball, location: 2F
1-2: Ball
2-2: Ball
3-2: Base on Balls
Batting: RHB Eleuterio Supardo 0-0: Ball
1-0: SINGLE (Groundball, 4M)
Héctor Vázquez to third
Frank Young to second
Runner from 3rd tries for Home, SAFE, no throw or cutoff
Batting: LHB Dave Lee 0-0: Called Strike
0-1: Swinging Strike
0-2: Ball
1-2: Strikes out swinging
Bottom of the 11th over - 1 run(s), 2 hit(s), 0 error(s), 2 left on base; Montgomery 6 - Nashua 5
Monday, December 5th, 2016 - OOTP Baseball 17.12 Build 75